 Dungeon Crawl Stone Soup version 0.24.0-13-gcf9b319 (webtiles) character file.

Game seed: 17986733127761851388, levelgen mode: deterministic

1934 Bronimir the Ogre Mage (level 9, -5/88 HPs)
             Began as an Ogre Fire Elementalist on Apr 4, 2020.
             Was a Follower of Makhleb.
             Slain by a gnoll
             ... wielding a +0 spear
              (9 damage)
             ... on level 6 of the Dungeon.
             The game lasted 00:22:11 (8239 turns).

Bronimir the Ogre Mage (Ogre Fire Elementalist)     Turns: 8239, Time: 00:22:11

Health: -5/88      AC:  4    Str: 22    XL:     9   Next: 17%
Magic:  16/17      EV: 10    Int: 16    God:    Makhleb [*.....]
Gold:   182        SH:  0    Dex:  9    Spells: 4/19 levels left

rFire    . . .     SeeInvis .   a - +4 quarterstaff (chaos)
rCold    . . .     Gourm    .   (shield currently unavailable)
rNeg     . . .     Faith    .   u - +0 robe
rPois    .         Spirit   .   (helmet restricted)
rElec    .         Reflect  .   x - +0 cloak
rCorr    .         Harm     .   (gloves unavailable)
MR       .....                  (boots unavailable)
Stlth    ++........             (no amulet)
HPRegen  0.24/turn              (no ring)
MPRegen  0.15/turn              (no ring)

@: mighty, lethally poisoned (-5 -> -6)
A: large, unfitting armour, tough skin 1
a: Renounce Religion


You were on level 6 of the Dungeon.
You worshipped Makhleb.
Makhleb was aware of your devotion.
You were not hungry.

You visited 2 branches of the dungeon, and saw 8 of its levels.

You collected 182 gold pieces.

Inventory:

Hand Weapons
 a - a +4 quarterstaff of chaos (weapon)
 w - a +1 mace of holy wrath
Missiles
 d - 96 stones
 i - 75 arrows
 m - 20 poisoned darts (quivered)
 q - 37 bolts
Armour
 u - a +0 robe (worn)
 v - a +0 shield
 x - a +0 cloak (worn)
Wands
 e - a wand of flame (6)
Scrolls
 b - 2 scrolls of remove curse
 g - a scroll of immolation {unknown}
 j - 2 scrolls of enchant armour {unknown}
 o - 2 scrolls of identify
 r - 2 scrolls of magic mapping {unknown}
 y - a scroll of teleportation
Potions
 f - a potion of mutation {unknown}
 h - a potion of cancellation {unknown}
 k - a potion of agility {unknown}
 l - a potion of curing
 n - a potion of might
 p - 2 potions of invisibility
 s - a potion of heal wounds {unknown}
 z - a potion of flight {unknown}
Comestibles
 c - 11 rations


   Skills:
 * Level 5.0 Fighting
   Level 0.2 Short Blades
 + Level 0.9(2.6) Maces & Flails
 + Level 4.3(4.4) Staves
 + Level 0.5 Throwing
 + Level 3.3 Dodging
 - Level 1.5 Stealth
 * Level 2.6 Shields
 + Level 0.3 Unarmed Combat
 * Level 5.9 Spellcasting
 * Level 3.9 Conjurations
 * Level 5.0 Fire Magic
 * Level 2.4 Invocations


You had 4 spell levels left.
You knew the following spells:

 Your Spells              Type           Power        Failure   Level  Hunger
a - Flame Tongue          Conj/Fire      ###..        2%          1    None
b - Throw Flame           Conj/Fire      ###...       3%          2    #......
c - Conjure Flame         Conj/Fire      ###.....     6%          3    ##.....
d - Sticky Flame          Conj/Fire      ###.....     22%         4    ####...
e - Fireball              Conj/Fire      ###.......   52%         5    ######.

Your spell library contained the following spells:

 Spells                   Type           Power        Failure   Level  Hunger
 Inner Flame              Hex/Fire       ##......     14%         3    ##.....


Dungeon Overview and Level Annotations

Branches:
Dungeon (7/15)             Temple (1/1) D:4

Altars:
Ashenzari
Cheibriados
Dithmenos
Elyvilon
Hepliaklqana
Makhleb
Nemelex Xobeh
Okawaru
Qazlal
Ru
Sif Muna
Trog
Uskayaw
Wu Jian
Xom
The Shining One

Shops:
D:4 (   D:5 }   D:6 (


Innate Abilities, Weirdness & Mutations

You are too large for most types of armour.
You have tough skin. (AC +1)


Message History

You are poisoned.
The worker ant poisons you! The gnoll hits you.
* * * LOW HITPOINT WARNING * * *
It was a potion of curing.
You feel better. The gnoll closely misses you. The worker ant misses you.
The gnoll hits you but does no damage.
You feel very mighty all of a sudden.
The gnoll hits you from afar with a +0 halberd of chopping.
* * * LOW HITPOINT WARNING * * *
x2 The gnoll hits you but does no damage.
The worker ant bites you.
* * * LOW HITPOINT WARNING * * *
You are poisoned.
The worker ant poisons you! The gnoll barely misses you.
You sock the worker ant!
You kill the worker ant!
Makhleb accepts your kill.
You feel sick. The gnoll hits you with a +0 spear.
* * * LOW HITPOINT WARNING * * *
The gnoll closely misses you. The gnoll hits you but does no damage.
The gnoll hits you from afar with a +0 spear!
You die...

## .....#####.###
......##.....#####
..#..........#...#
.##..#....##.....# .....#
#.........# ....#
###...#g.## ...##
#..##g########### ....#
######.g.@..##.#..##
...#####...##.###..##.....#
.....##.....####..........#
#.#..#.......'.....#....###
###..#...∩...'..##.......##
.....#.......'...##.......#
.#...##.....##..###......##
......##...##.#.###......#
.......#####..#..###.....#


You could see 2 gnolls.

Vanquished Creatures
  An orc warrior (D:5)
  3 ogres
  A centaur (D:6)
  2 bullfrogs
  A scorpion (D:6)
  A howler monkey (D:2)
  3 wights (D:6)
  A vampire bat (D:5)
  3 crimson imps
  2 jellies (D:6)
  A bullfrog skeleton (D:5)
  4 orc priests
  A hound (D:2)
  Crazy Yiuf (D:3)
  2 iguanas (D:4)
  9 orc wizards
  4 worker ants
  A hound zombie (D:6)
  7 gnolls
  9 adders
  An ooze (D:5)
  3 adder skeletons
  2 dart slugs
  3 fire bats (D:5)
  3 leopard geckos
  25 orcs
  2 spectral bats (D:5)
  16 bats
  3 bat skeletons (D:5)
  A bat zombie (D:5)
  7 giant cockroaches
  3 goblins (D:1)
  4 hobgoblins
  8 jackals
  5 kobolds
  3 quokkas
  4 ball pythons
  A bat simulacrum (D:5)
  8 frilled lizards
  A giant cockroach zombie (D:5)
  A quokka skeleton (D:4)
  4 rats
165 creatures vanquished.

Notes
Turn   | Place    | Note
-------+----------+-------------------------------------------
     0 | D:1      | Bronimir the Ogre Fire Elementalist began the quest for the
                  | Orb.
     0 | D:1      | Reached XP level 1. HP: 16/16 MP: 3/3
   134 | D:1      | Reached XP level 2. HP: 11/24 MP: 0/5
   623 | D:1      | Reached skill level 1 in Conjurations
   725 | D:1      | Reached XP level 3. HP: 29/32 MP: 7/7
   846 | D:1      | Reached skill level 1 in Fighting
  1217 | D:2      | Reached XP level 4. HP: 23/41 MP: 4/8
  1638 | D:2      | Reached XP level 5. HP: 26/49 MP: 7/10
  2369 | D:3      | Found a runed translucent door.
  2370 | D:3      | Noticed Crazy Yiuf
  2411 | D:3      | Killed Crazy Yiuf
  2630 | D:3      | Reached XP level 6. HP: 18/57 MP: 3/11
  3304 | D:4      | Reached skill level 1 in Staves
  3691 | D:4      | Found Dyrowo's Antique Weapon Boutique.
  3910 | D:3      | Learned a level 2 spell: Throw Flame
  3914 | D:3      | Learned a level 3 spell: Conjure Flame
  3919 | D:3      | Learned a level 4 spell: Sticky Flame
  4380 | D:3      | Reached XP level 7. HP: 58/66 MP: 9/13
  4731 | D:4      | Found a staircase to the Ecumenical Temple.
  4740 | Temple   | Entered the Ecumenical Temple
  4770 | Temple   | Became a worshipper of Makhleb the Destroyer
  4818 | D:5      | Entered Level 5 of the Dungeon
  4821 | D:5      | Found Kuruff's Gadget Boutique.
  5154 | D:5      | Found a white marble altar of Elyvilon.
  5155 | D:5      | Found a snail-covered altar of Cheibriados.
  5157 | D:5      | Found a sacrificial altar of Ru.
  5164 | D:5      | Found a shadowy altar of Dithmenos.
  5164 | D:5      | Found a sparkling altar of Nemelex Xobeh.
  5165 | D:5      | Found a stormy altar of Qazlal.
  5169 | D:5      | Found a glowing golden altar of the Shining One.
  5865 | D:5      | Reached XP level 8. HP: 68/75 MP: 9/15
  6038 | D:5      | Reached skill level 1 in Shields
  6156 | D:5      | Reached skill level 5 in Spellcasting
  6232 | D:5      | Reached * piety under Makhleb
  6317 | D:5      | Learned a level 5 spell: Fireball
  6348 | D:6      | Reached skill level 1 in Invocations
  7316 | D:6      | Reached XP level 9. HP: 44/87 MP: 9/17
  7644 | D:6      | Reached skill level 5 in Fire Magic
  7754 | D:6      | Reached skill level 5 in Fighting
  8194 | D:6      | Found Jeus's Weapon Emporium.
  8238 | D:6      | HP: 4/88 [gnoll/+0 spear (4)]
  8239 | D:6      | Slain by a gnoll

Levels and vault maps discovered:
D:1:      dpeg_arrival_lava_temple_mockup, layout_basic
D:2:      layout_loops_corners, hangedman_decor_clover_reticule
D:3:      layout_basic, first_ration, uniq_crazy_yiuf_cottage
D:4:      layout_basic, minmay_temple_entry_enclosed_plants, serial_shops, shop
D:5:      minmay_angry_zag, layout_loops_ring, minitemple, serial_shops,
          shop_fountains, goddamned_bats
D:6:      layout_cave_pools, fedhas_altar_decomposition, portal_sewer_entry_f,
          kennysheep_windowed_goal
D:7:      layout_cave_pods, serial_shops, shop_fountains
Temple:   zaba_magenta_temple

Skill      XL: |  1  2  3  4  5  6  7  8  9 |
---------------+----------------------------+-----
Fire Magic     | 3 4 5 |  5.0
Conjurations   | 1 2 3 |  3.9
Spellcasting   | 3 4 5 |  5.9
Fighting       | 1 2 3 4 5 |  5.0
Dodging        | 2 3 |  3.3
Staves         | 2 3 4 |  4.3
Shields        | 2 |  2.6
Invocations    | 2 |  2.4
Short Blades   | |  0.2
Maces & Flails | |  0.9
Throwing       | |  0.5
Stealth        | |  1.5
Unarmed Combat | |  0.3

Action                   |  1- 3 |  4- 6 |  7- 9 || total
-------------------------+-------+-------+-------++-------
Melee: Unarmed           |    35 |       |       ||    35
       Mace              |    20 |    31 |       ||    51
       Dagger            |    14 |       |       ||    14
       Quarterstaff      |       |    54 |   162 ||   216
Throw: Dart              |       |    12 |     5 ||    17
       Stone             |       |     3 |       ||     3
 Cast: Flame Tongue      |    37 |    69 |   108 ||   214
       Throw Flame       |       |       |     8 ||     8
       Sticky Flame      |       |       |     3 ||     3
Evoke: Wand              |       |       |     2 ||     2
  Use: Potion            |     1 |       |     2 ||     3
       Scroll            |     1 |     4 |     1 ||     6
 Stab: Sleeping          |     1 |     2 |     2 ||     5
       Petrified         |       |       |     2 ||     2
       Confused          |       |       |     2 ||     2
       Petrifying        |       |       |     1 ||     1
       Paralysed         |       |       |     1 ||     1
  Eat: Chunk             |     1 |     7 |     6 ||    14
       Ration            |       |     1 |     2 ||     3
Armor: Robe              |    34 |    30 |    89 ||   153
Dodge: Dodged            |    61 |    84 |   187 ||   332
